AoeStats
← Low_Fuchs

Arabian Desert

509794536Analyzed
1v1 RM · 4d ago on Sep 28, 2026· 24m 4s· 2 players
Game mode
Random Map
Map size
Tiny (2 player)
Population
200
Speed
Normal
Resources
Standard
Victory
Conquest
Starting age
Dark Age
Ending age
Imperial Age
RankedLock teamsTeams togetherTeam positionsShared explorationLock speedFull tech treeHidden civsTurbo modeCheats
Victory
Defeat
🇩🇪 Poles · Germany
1596
+17
🇺🇸 Vikings · United States
1616
-17
Low_Fuchs
7:07 Loom
9:17 Feudal Age
9:48 Double-Bit Axe
9:43 Horse Collar
21:01 Bloodlines
23:35 Castle Age
23:03 Gold Mining
24:32 Wheelbarrow
24:33 Husbandry
theblindleadtheblind
7:45 Loom
9:42 Feudal Age
10:21 Man-at-Arms
16:36 Arson
20:04 Fletching
21:28 Padded Archer Armor
Connection lost

Rejoining the realm…

Still unreachable

The connection could not be restored.

Session expired

The server has moved on; the page needs a fresh start.